 Dungeon Crawl Stone Soup version 0.18.1-50-g88ac8fd (webtiles) character file.

74 Poky the Grave Robber (level 4, -7/30 HPs)
             Began as a Human Necromancer on Oct 1, 2016.
             Mangled by Peloso's ghost (14 damage)
             ... on level 3 of the Dungeon.
             The game lasted 00:40:51 (2662 turns).

Poky the Grave Robber (Human Necromancer)           Turns: 2662, Time: 00:40:51

Health: -7/30      AC:  3    Str:  9    XL:     4   Next: 54%
Magic:  7/7        EV: 12    Int: 16    God:
Gold:   193        SH:  0    Dex: 13    Spells: 1 memorised, 7 levels left

rFire  . . .     SeeInvis .     g - +1 dagger (venom)
rCold  . . .     Gourm    .     p - +1 robe
rNeg   . . .     Faith    .     (no shield)
rPois  .         Spirit   .     (no helmet)
rElec  .         Dismiss  .     (no cloak)
rCorr  .         Reflect  .     (no gloves)
SustAt .         Harm     .     (no boots)
MR     .....                    x - amulet of magic regeneration
Stlth  ++........               (no ring)
                                (no ring)

@: not resistant to hostile enchantments, unstealthy
A: no striking features
a: no special abilities


You were on level 3 of the Dungeon.
You were not hungry.

You visited 1 branch of the dungeon, and saw 3 of its levels.

You collected 193 gold pieces.

Inventory:

Hand Weapons
 e - a +0 dagger
 g - a +1 dagger of venom (weapon)
Armour
 h - a +0 chain mail
 p - a +1 robe (worn)
Jewellery
 a - an uncursed ring of protection from cold {unknown}
 j - an uncursed amulet of the gourmand {unknown}
 n - an uncursed ring of stealth {unknown}
 x - an amulet of magic regeneration (around neck)
Wands
 w - a wand of acid (4/15)
Scrolls
 d - 3 scrolls of teleportation
 k - a scroll of blinking {unknown}
 l - a scroll of identify
Potions
 i - a potion of degeneration {unknown}
 q - 2 potions of curing
 z - a potion of flight {unknown}
Books
 b - a book of Necromancy

   Spells                             Type                      Level
   a - Pain                           Necromancy                   1
   b - Animate Skeleton               Necromancy                   1
   c - Vampiric Draining              Necromancy                   3
   d - Regeneration                   Charms/Necromancy            3
   e - Animate Dead                   Necromancy                   4
   f - Control Undead                 Necromancy                   4
Comestibles
 c - 2 bread rations
 f - a royal jelly
 s - 2 beef jerkies


   Skills:
 + Level 2.4 Dodging
 + Level 2.2 Stealth
 + Level 2.6 Spellcasting
 + Level 5.0 Necromancy


You had 7 spell levels left.
You knew the following spells:

 Your Spells              Type           Power        Failure   Level  Hunger
a - Pain                  Necr           ###.         2%          1    #......


Dungeon Overview and Level Annotations

Branches:
Dungeon (3/15)

Altars:
Xom

Annotations:
D:3 Peloso's ghost, amateur MiFi


Message History

The giant gecko convulses in agony!
You kill the giant gecko!
Peloso's ghost wails.
Peloso's ghost closely misses you.
You hit Peloso's ghost but do no damage.
Peloso's ghost hits you!
You hit Peloso's ghost.
Peloso's ghost is lightly damaged.
Peloso's ghost hits you but does no damage.
You hit Peloso's ghost but do no damage.
Peloso's ghost is lightly damaged.
Peloso's ghost hits you!
* * * LOW HITPOINT WARNING * * *
Drink which item? (? for menu, Esc to quit)
It was a potion of curing.
You feel better. Peloso's ghost hits you!
* * * LOW HITPOINT WARNING * * *
Drink which item? (? for menu, Esc to quit)
It was a potion of magic.
Magic courses through your body. Peloso's ghost hits you!
You die...

....###.######.######.*
.#### #.* #..)## *,*
.#*** #,* #.#..# *,*
,,,,* *,* #...)# *,*
,**,***,* ####.# *,*
,,,,,,*,* #.# *,*
,,*,*,*,* #.# *,*
,,,,,,,,* #.# *,*
,,*,*,*** #@# *,*
,,,,,,,* #W# *,* >**,**,*
#.# *,** ***,**,* #.#
*,,** ,,,,**,* ###.#
**,*,** ,,,,**,* #...#
*,***,* ***,**,*****
#.####**,*,**
*,,,,,,,...###....####.#*
*,,,**,*#..............#


You could see Peloso's ghost.

Vanquished Creatures
  2 oozes (D:1)
  3 giant geckos
  2 orcs (D:3)
  8 bats
  2 giant cockroaches
  12 goblins
  2 hobgoblins (D:1)
  4 jackals
  3 kobolds
  4 quokkas
  A ball python (D:2)
  3 giant newts
  9 rats
55 creatures vanquished.

Notes
Turn   | Place    | Note
--------------------------------------------------------------
     0 | D:1      | Poky the Human Necromancer began the quest for the Orb.
     0 | D:1      | Reached XP level 1. HP: 13/13 MP: 3/3
   365 | D:1      | Reached XP level 2. HP: 19/19 MP: 3/5
   647 | D:1      | Reached XP level 3. HP: 13/24 MP: 3/6
  1637 | D:2      | Reached XP level 4. HP: 30/30 MP: 5/7
  2328 | D:3      | Found a shimmering altar of Xom.
  2606 | D:3      | Reached skill level 5 in Necromancy
  2633 | D:3      | Noticed Peloso's ghost (amateur MiFi)
  2662 | D:3      | Mangled by Peloso's ghost

Skill      XL: |  1  2  3  4 |
---------------+-------------+-----
Necromancy     | 5 |  5.0
Dodging        | |  2.4
Stealth        | |  2.2
Spellcasting   | |  2.6

Action                   |  1- 3 |  4- 6 || total
-------------------------+-------+-------++-------
Melee: Unarmed           |     8 |       ||     8
       Dagger            |    25 |     7 ||    32
 Cast: Pain              |    39 |    38 ||    77
  Use: Scroll            |       |     8 ||     8
       Potion            |       |     2 ||     2
  Eat: Chunk             |     3 |       ||     3
       Meat ration       |       |     1 ||     1
Armor: Robe              |    14 |     3 ||    17
Dodge: Dodged            |    28 |     1 ||    29
